 Dungeon Crawl Stone Soup version 0.28-a0-957-g42eb19b844 (webtiles) character file.

Game seed: 17970030672864066176

1963 porpoise the Thaumaturge (level 9, -1/49 HPs)
             Began as a Deep Elf Conjurer on Dec 1, 2021.
             Slain by an orc warrior (16 damage)
             ... on level 6 of the Dungeon.
             The game lasted 00:27:43 (7972 turns).

porpoise the Thaumaturge (Deep Elf Conjurer)        Turns: 7972, Time: 00:27:44

Health: -1/49      AC:  9    Str:  6    XL:     9   Next: 0%
Magic:  16/23      EV: 16    Int: 26    God:
Gold:   313        SH:  0    Dex: 13    Spells: 10/24 levels left

rFire   . . .      SeeInvis .   a - +5 scimitar (freeze)
rCold   . . .      Faith    .   (no shield)
rNeg    . . .      Spirit   .   r - +0 robe
rPois   .          Reflect  .   v - +2 helmet
rElec   .          Harm     .   (no cloak)
rCorr   .          Rampage  .   w - +0 pair of gloves
Will    .....                   g - +2 pair of boots
Stlth   +++.......              (no amulet)
HPRegen 0.16/turn               i - +4 ring of evasion
MPRegen 0.18/turn               (no ring)

@: no status effects
A: no striking features
a: no special abilities


You were on level 6 of the Dungeon.
You visited 2 branches of the dungeon, and saw 8 of its levels.

You collected 313 gold pieces.

Inventory:

Hand Weapons
 a - a +5 scimitar of freezing (weapon)
Missiles
 b - 44 poisoned darts (quivered)
 c - 152 stones
 h - a throwing net
Armour
 g - a +2 pair of boots (worn)
 m - a +3 leather armour of poison resistance
 r - a +0 robe (worn)
 v - a +2 helmet (worn)
 w - a +0 pair of gloves (worn)
Jewellery
 i - a +4 ring of evasion (left hand)
 x - an amulet of faith
Wands
 l - a wand of digging (1)
Scrolls
 f - a scroll of enchant weapon
 k - a scroll of immolation {unknown}
 n - 2 scrolls of teleportation
 p - a scroll of blinking
 t - a scroll of fog {unknown}
 u - a scroll of vulnerability {unknown}
Potions
 d - a potion of lignification
 e - a potion of heal wounds
 o - a potion of attraction {unknown}
 q - a potion of brilliance
 s - 2 potions of curing
Miscellaneous
 j - a phantom mirror


   Skills:
 + Level 2.6 Fighting
 - Level 2.4 Dodging
 - Level 5.0 Stealth
 - Level 0.1 Unarmed Combat
 + Level 8.2 Spellcasting
 - Level 7.0 Conjurations
 - Level 7.0 Hexes
 - Level 5.0 Translocations
 + Level 1.0 Earth Magic


You had 10 spell levels left.
You knew the following spells:

 Your Spells              Type           Power      Damage    Failure   Level
a - Magic Dart            Conj           100%       1d8       1%          1
b - Searing Ray           Conj           94%        2d7       1%          2
c - Fulminant Prism       Conj/Hex       23%        3d13      3%          4
d - Iskenderun's Mystic   Conj/Tloc      41%        2d9       4%          4
s - Stone Arrow           Conj/Erth      62%        3d10      3%          3

Your spell library contained the following spells:

 Spells                   Type           Power      Damage    Failure   Level
 Shock                    Conj/Air       100%       1d9       1%          1
 Dazzling Flash           Conj/Hex       94%        N/A       1%          3
 Freeze                   Ice            40%        1d6       5%          1
 Sting                    Tmut/Pois      40%        1d5       5%          1
 Poisonous Vapours        Pois/Air       20%        N/A       9%          2
 Hailstorm                Conj/Ice       28%        3d8       13%         4
 Frozen Ramparts          Ice            20%        1d4       17%         3
 Swiftness                Air            10%        N/A       17%         3
 Animate Armour           Summ/Erth      26%        N/A       41%         4
 Airstrike                Air            5%         N/A       50%         4
 Olgreb's Toxic Radiance  Pois           10%        N/A       50%         4
 Starburst                Conj/Fire      14%        6d6       90%         6
 Lehudib's Crystal Spear  Conj/Erth      15%        10d5      100%        8


Dungeon Overview and Level Annotations

Branches:
Dungeon (7/15)             Temple (1/1) D:6

Altars:
Dithmenos
Fedhas
Kikubaaqudgha
Nemelex Xobeh
Okawaru
Ru
Sif Muna
Trog
Uskayaw
Wu Jian
Xom
Yredelemnul
Zin
The Shining One

Shops:
D:5 :


Message History

Press: ? - help, Shift-Dir - straight line, f - orc
Aim: an orc, wielding a +0 hand axe (82% to hit)
The searing ray hits the orc.
The orc is almost dead.
The searing ray hits the orc warrior.
The orc warrior is lightly wounded. (Press . to maintain the ray.)
The searing ray hits the orc warrior!
The orc warrior is moderately wounded.
The searing ray hits the orc!
You kill the orc!
The orc priest mumbles some strange prayers to Beogh against you.
Beogh smites you!
The searing ray hits the orc warrior but does no damage.
The orc warrior is moderately wounded.
The orc warrior hits you from afar with a +0 glaive.
The searing ray hits the orc warrior.
The orc warrior is heavily wounded.
The searing ray misses the orc priest.
You finish channelling your searing ray.
The orc priest mumbles some strange prayers to Beogh against you.
Beogh smites you! The orc warrior closely misses you.
Casting: Searing Ray (safe; 1% risk of failure)
Confirm with . or Enter, or press ? or * to list all spells.
Aiming: Searing Ray (safe; 1% risk of failure)
Press: ? - help, Shift-Dir - straight line, f - orc warrior
Aim: an orc warrior, wielding a +0 glaive and wearing a +0 chain mail (heavily wounded, 80% to hit)
The searing ray hits the orc warrior.
The orc warrior is heavily wounded.
The searing ray hits the orc priest!
The orc priest is heavily wounded. (Press . to maintain the ray.)
The orc priest invokes the aid of Beogh against you.
Beogh smites you! The orc warrior misses you.
The searing ray hits the orc warrior.
The orc warrior is severely wounded.
The searing ray hits the orc priest!
You kill the orc priest!
The orc warrior hits you from afar with a +0 glaive!
You die...

#....# #..... #..###
#..... #.#### #....
#..... ##.).. #.....
#..). #..... ##.#o#
####'#
#####..#.#####..
##...
........@.......
##....
############.###.##..
#....[
##.....##.>...##
#.....
##..............##.
#.....
#..................#
. ##....
##.................##
.. ##...
###...............##
... #### #
#...............#
.... ###
###....^..........#
.....##..


You could see an orc warrior.

Vanquished Creatures
  Sigmund (D:4)
  An ice beast (D:6)
  A sky beast (D:6)
  A necrophage (D:5)
  2 black bears
  A centaur (D:6)
  An ogre (D:4)
  A gnoll sergeant (D:4)
  3 scorpions
  A water moccasin skeleton (D:5)
  A killer bee (D:6)
  3 wights (D:6)
  A centaur zombie (D:5)
  2 jellies (D:6)
  4 orc priests
  3 hounds
  2 bullfrog skeletons
  Ijyb (D:3)
  3 iguanas
  An orc wizard (D:6)
  A killer bee zombie (D:5)
  A hound zombie (D:5)
  A hound skeleton (D:5)
  A howler monkey skeleton (D:6)
  8 gnolls
  6 adders
  An ufetubus (D:6)
  2 worms
  3 dart slugs (D:3)
  7 orcs
  6 ball pythons
  7 bats
  11 endoplasms
  A giant cockroach (D:3)
  7 goblins
  9 hobgoblins
  2 jackals (D:2)
  6 quokkas
  3 frilled lizards
  9 kobolds
  13 rats
139 creatures vanquished.

Vanquished Creatures (others)
  4 fulminant prisms
  16 plants (D:4)
20 creatures vanquished.

Grand Total: 159 creatures vanquished

Notes
Turn   | Place    | Note
-------+----------+-------------------------------------------
     0 | D:1      | porpoise the Deep Elf Conjurer began the quest for the Orb.
     0 | D:1      | Reached XP level 1. HP: 10/10 MP: 6/6
   201 | D:1      | Reached XP level 2. HP: 15/15 MP: 1/8
   304 | D:1      | Learned a level 2 spell: Searing Ray
   500 | D:1      | Reached skill level 5 in Conjurations
   799 | D:1      | Reached XP level 3. HP: 19/19 MP: 6/10
  1514 | D:2      | Reached skill level 4 in Spellcasting
  1592 | D:2      | Reached XP level 4. HP: 17/24 MP: 2/12
  2512 | D:3      | Reached XP level 5. HP: 24/28 MP: 0/14
  2819 | D:3      | Noticed Ijyb
  2831 | D:3      | Killed Ijyb
  2832 | D:3      | Reached skill level 5 in Spellcasting
  3308 | D:3      | Found a faded altar of an unknown god.
  3851 | D:4      | Noticed a black bear
  3857 | D:4      | Killed a black bear
  3858 | D:4      | Reached skill level 6 in Spellcasting
  3858 | D:4      | Reached XP level 6. HP: 32/32 MP: 10/17
  3925 | D:4      | Noticed Sigmund
  4676 | D:4      | Reached XP level 7. HP: 27/36 MP: 11/19
  4681 | D:4      | Learned a level 4 spell: Fulminant Prism
  4686 | D:4      | Learned a level 4 spell: Iskenderun's Mystic Blast
  4726 | D:4      | Killed Sigmund
  4727 | D:4      | Reached skill level 5 in Stealth
  4727 | D:4      | Reached skill level 7 in Spellcasting
  4727 | D:4      | Reached skill level 1 in Translocations
  5285 | D:5      | Entered Level 5 of the Dungeon
  5356 | D:5      | You fall into a shaft and drop 2 floors!
  5692 | D:6      | Found a shimmering blue altar of Sif Muna.
  5738 | D:6      | HP: 1/36 [something (6)]
  5747 | D:6      | Reached skill level 5 in Hexes
  5747 | D:6      | Reached XP level 8. HP: 26/41 MP: 5/20
  5955 | D:6      | Reached skill level 5 in Translocations
  6276 | D:5      | Reached skill level 1 in Fighting
  6399 | D:5      | Found Kaicu's Book Shoppe.
  6569 | D:5      | Found a shimmering altar of Xom.
  6687 | D:5      | Found an ornate altar of the Wu Jian Council.
  6757 | D:5      | Reached skill level 8 in Spellcasting
  6832 | D:5      | Learned a level 3 spell: Stone Arrow
  6852 | D:5      | Found a bloodstained altar of Trog.
  7620 | D:5      | Reached skill level 1 in Earth Magic
  7655 | D:6      | Noticed a two-headed ogre
  7663 | D:6      | Reached XP level 9. HP: 49/49 MP: 19/23
  7689 | D:6      | Found a staircase to the Ecumenical Temple.
  7698 | Temple   | Entered the Ecumenical Temple
  7972 | D:6      | Slain by an orc warrior

Illustrated notes

Levels and vault maps discovered:
D:1:      minmay_arrival_doors, layout_loops_ring
D:2:      layout_loops_cross, chequers_serial_rivers_small_b, nrook_mini_vaults,
          serial_bayou_pond_e, hangedman_glass_garden,
          nicolae_concentric_dashed_squares_mild, hex_tiny, grunt_ministairs_2
D:3:      minmay_octagon_keep, layout_loops_ring, serial_glass, glass_columns_a,
          glass_columns_b, hellmonk_ecumenical_altar_zigzags, uniq_ijyb
D:4:      wad_lake_hut, layout_loops_corners, uniq_sigmund
D:5:      layout_loops_corners, kennysheep_little_box, minitemple, serial_shops,
          shop
D:6:      minmay_opposing_rooms, layout_rooms, mainiacjoe_overflow_paths,
          minmay_temple_entry_junction
D:7:      layout_cave_pods, grunt_temple_overflow_open, uniq_menkaure,
          uniq_pikel
Temple:   jpeg_temple_alley_garden

Skill      XL: |  1  2  3  4  5  6  7  8 |
---------------+-------------------------+-----
Conjurations   | 5 6 7 |  7.0
Spellcasting   | 4 6 7 8 |  8.2
Stealth        | 3 4 5 |  5.0
Hexes          | 5 7 |  7.0
Translocations | 3 5 |  5.0
Fighting       | 2 |  2.6
Earth Magic    | 1 |  1.0
Dodging        | |  2.4
Unarmed Combat | |  0.1

Action                   |  1- 3 |  4- 6 |  7- 9 || total
-------------------------+-------+-------+-------++-------
Melee: Unarmed           |     8 |     4 |       ||    12
       Scimitar          |       |       |     1 ||     1
Throw: Dart              |    13 |    12 |     4 ||    29
 Cast: Magic Dart        |    64 |    28 |     1 ||    93
       Searing Ray       |     3 |    37 |    30 ||    70
       Fulminant Prism   |       |       |     4 ||     4
       Iskenderun's Myst |       |       |     3 ||     3
       Stone Arrow       |       |       |     2 ||     2
  Use: Scroll            |       |     5 |     3 ||     8
       Potion            |       |       |     3 ||     3
Armor: Robe              |     2 |     6 |    10 ||    18
Dodge: Dodged            |     4 |    27 |    30 ||    61

Table legend: (Time is in decaauts)
 A = Elapsed time spent in this place.
 B = Non-inter-level travel time spent in this place.
 C = Inter-level travel time spent in this place.
 D = Time resting spent in this place.
 E = Time spent auto-exploring this place.
 F = Levels seen in this place.
 G = Mean time per level.
                   A        B        C        D        E       F      G
               +--------+--------+--------+--------+--------+-----+--------+
         Total |   7975 |   7596 |    379 |   3302 |   3490 |   8 |  996.9 |
       Dungeon |   7747 |   7421 |    326 |   3302 |   3320 |   7 | 1106.7 |
        Temple |    227 |    174 |     53 |      0 |    170 |   1 |  227.0 |
               +--------+--------+--------+--------+--------+-----+--------+

Top non-repeatable levels by time:
     D:4: 1605 daAuts
     D:5: 1470 daAuts
     D:3: 1443 daAuts
     D:2: 1196 daAuts
     D:1: 1042 daAuts
     D:6: 983 daAuts
  Temple: 227 daAuts
     D:7: 5 daAuts
